 Dungeon Crawl Stone Soup version 0.31-a0-18-gea43df2a32 (webtiles) character file.

Game seed: 18178571800245022153

412 Jeffwins the Caller (level 6, -1/39 HPs)
             Began as an Octopode Summoner on May 12, 2023.
             Slain by an orc
             ... wielding a +0 whip
              (4 damage)
             ... on level 4 of the Dungeon.
             The game lasted 00:04:00 (2949 turns).

Jeffwins the Caller (Octopode Summoner)             Turns: 2949, Time: 00:04:01

Health: -1/39      AC:  1    Str:  7    XL:     6   Next: 90%
Magic:  4/11       EV: 13    Int: 20    God:
Gold:   112        SH:  0    Dex: 12    Spells: 2/12 levels left

rFire   . . .        s - +2 dagger (venom)
rCold   . . .        (no shield)
rNeg    . . .        (helmet restricted)
rPois   .            (no amulet)
rElec   .            (no ring)
rCorr   .            (no ring)
SInv    .            (no ring)
Will    .....        (no ring)
Stlth   ++++         (no ring)
HPRegen 0.26/turn    (no ring)
MPRegen 0.12/turn    (no ring)
                     (no ring)

%: no passive effects
@: lethally poisoned (-1 -> -13), attractive, very slightly contaminated
A: almost no armour, amphibious, 8 rings, camouflage 1, gelatinous body 1,
(nimble swimmer 1), tentacles
a: no special abilities


You were on level 4 of the Dungeon.
You visited 1 branch of the dungeon, and saw 4 of its levels.

You collected 112 gold pieces.


Innate Abilities, Weirdness & Mutations

You cannot wear most types of armour.
You are amphibious.
You can wear up to eight rings at the same time.
Your skin changes colour to match your surroundings (Stealth+).
Your rubbery body absorbs attacks. (AC +1, EV +1)
((You are camouflaged when in or above water. (Stealth+)))
You have tentacles for arms and can constrict up to eight enemies at once.


   Skills:
 + Level 2.1 Fighting
 + Level 3.1 Dodging
 + Level 4.6 Stealth
 * Level 3.7 Spellcasting
 * Level 5.3 Summonings
 * Level 1.1 Air Magic


You had 2 spell levels left.
You knew the following spells:

 Your Spells              Type           Power      Damage    Failure   Level
c - Call Canine Familiar  Summ           25%        N/A       4%          3
l - Summon Lightning Spi  Summ/Air       16%        N/A       34%         4
x - Call Imp              Summ           50%        N/A       2%          2
z - Summon Small Mammal   Summ           100%       N/A       1%          1

Your spell library contained the following spells:

 Spells                   Type           Power      Damage    Failure   Level
 Summon Guardian Golem    Hex/Summ       14%        N/A       13%         3

Inventory:

Hand Weapons
 b - a +1 mace of draining
 g - a +0 scythe
 k - a +2 whip of freezing
 s - a +2 dagger of venom (weapon)
 t - a +1 heavy sling
Missiles
 i - 7 poisoned darts
Jewellery
 F - a ring of fire
Scrolls
 e - 2 scrolls of teleportation {unknown}
 f - 2 scrolls of amnesia {unknown}
 h - 2 scrolls of identify {unknown}
 l - a scroll of magic mapping {unknown}
 m - a scroll of brand weapon {unknown}
 n - a scroll of acquirement {unknown}
 o - a scroll of poison {unknown}
 p - a scroll of noise {unknown}
 q - a scroll of vulnerability {unknown}
 u - a scroll of fog {unknown}
Potions
 a - a potion of magic
 c - a potion of attraction {!q}
 d - a potion of flight {unknown}
 j - a potion of invisibility {unknown}
 r - a potion of curing {unknown}

Dungeon Overview and Level Annotations

Branches:
Dungeon (4/15)
 Temple: D:4-7

Altars:

## ###### #. ..$... #..
..... +.. #..?##..... #..
#...##....#
..##..##....#....##.
.....)).)...#..?........#
....B5oho.(##....# .....#
..##..##@..##....# ....#
#. ##...##....##....## #.
#..........#......+ #
#..........#......#
##...##....#.....#
#)..##..>.<# #...##.....#
+.)..#####.# #....# ###


You could see 2 orcs, a giant cockroach (ally target), a friendly hound
(summoned, very poisoned) and a friendly cerulean imp (summoned).


Message History

You feel very sick.
Your hound bites the endoplasm.
The giant cockroach bites your cerulean imp.
The orc barely misses your cerulean imp.
Your hound bites the endoplasm.
The endoplasm dies!
The orc hits you with a +0 dagger of venom.
* * * LOW HITPOINT WARNING * * *
You are lethally poisoned!
Your cerulean imp hits the orc with a -2 spear.
The orc dies!
Unknown command.
The orc attacks as you move away! The orc hits you with a +0 whip.
* * * LOW HITPOINT WARNING * * *
x2 You feel very sick.
The giant cockroach barely misses your cerulean imp.
The orc hits your hound but does no damage.
Your hound is poisoned.
Your cerulean imp hits the giant cockroach with a -2 spear.
Unknown command.
It was a potion of attraction.
You feel attractive to monsters.
* * * LOW HITPOINT WARNING * * *
You feel very sick.
Your hound barely misses the orc.
The giant cockroach closely misses your cerulean imp.
Your hound bites the orc.
Your cerulean imp hits the giant cockroach with a -2 spear.
The orc hits you with a +0 whip.
You die...

Skill      XL: |  1  2  3  4  5  6 |
---------------+-------------------+-----
Stealth        | 3 4 |  4.6
Fighting       | 1 2 |  2.1
Spellcasting   | 3 |  3.7
Summonings     | 5 |  5.3
Dodging        | 3 |  3.1
Air Magic      | 1 |  1.1

Action                     |  1- 3 |  4- 6 || total
---------------------------+-------+-------++-------
  Melee: Unarmed           |    32 |       ||    32
         Constrict         |    13 |    21 ||    34
         Tentacles         |    13 |    15 ||    28
         Mace              |    35 |     8 ||    43
         Dagger            |       |    51 ||    51
         Whip              |       |    45 ||    45
         Punch             |       |     1 ||     1
   Cast: Summon Small Mamm |     3 |       ||     3
         Call Canine Famil |     1 |     7 ||     8
         Call Imp          |     1 |     3 ||     4
    Use: Potion            |       |     1 ||     1
   Stab: Sleeping          |    13 |    19 ||    32
 Armour: Skin              |    11 |     8 ||    19
  Dodge: Dodged            |    46 |    62 ||   108

Levels and vault maps discovered:
D:1:      enne_arrival_octagon_isle, layout_loops_corners
D:2:      layout_rooms, st_stairs_3, uniq_sigmund
D:3:      layout_loops_corners, uniq_robin
D:4:      layout_gridville

Notes
Turn   | Place    | Note
-------+----------+-------------------------------------------
     0 | D:1      | Jeffwins the Octopode Summoner began the quest for the Orb.
     0 | D:1      | Reached XP level 1. HP: 11/11 MP: 3/3
   155 | D:1      | Reached skill level 3 in Stealth
   155 | D:1      | Reached XP level 2. HP: 17/17 MP: 5/5
   599 | D:1      | Reached XP level 3. HP: 22/22 MP: 6/6
   602 | D:1      | Learned a level 2 spell: Call Imp
   606 | D:1      | Learned a level 3 spell: Call Canine Familiar
  1013 | D:2      | Noticed Sigmund
  1023 | D:2      | Killed Sigmund
  1024 | D:2      | Reached skill level 1 in Fighting
  1024 | D:2      | Reached skill level 4 in Stealth
  1024 | D:2      | Reached skill level 3 in Spellcasting
  1024 | D:2      | Reached skill level 5 in Summonings
  1024 | D:2      | Reached XP level 4. HP: 29/29 MP: 2/8
  1024 | D:2      | Reached XP level 5. HP: 34/34 MP: 2/9
  1194 | D:2      | Reached XP level 6. HP: 39/39 MP: 4/11
  1448 | D:2      | Reached skill level 3 in Dodging
  1716 | D:3      | Learned a level 4 spell: Summon Lightning Spire
  1953 | D:3      | Reached skill level 2 in Fighting
  2080 | D:3      | Noticed Robin
  2101 | D:3      | Killed Robin
  2882 | D:4      | Reached skill level 1 in Air Magic
  2949 | D:4      | HP: 3/39 [poisoned by an orc]
  2949 | D:4      | Slain by an orc

Vanquished Creatures
  A hound (D:4)
  A gnoll (D:2)
  6 adders
  3 dart slugs
  8 orcs
  3 bats
  8 endoplasms
  2 giant cockroaches
  10 goblins
  7 hobgoblins
  2 jackals (D:1)
  4 quokkas
  5 ball pythons
  4 frilled lizards
  7 kobolds
  6 rats
77 creatures vanquished.

Vanquished Creatures (collateral kills)
  Sigmund (D:2)
  Robin (D:3)
  3 gnolls (D:2)
  An orc (D:4)
  2 endoplasms
  4 goblins (D:3)
  3 hobgoblins (D:3)
  2 bats
  2 frilled lizards
19 creatures vanquished.

Grand Total: 96 creatures vanquished

Table legend: (Time is in decaauts)
 A = Elapsed time spent in this place.
 B = Non-inter-level travel time spent in this place.
 C = Inter-level travel time spent in this place.
 D = Time resting spent in this place.
 E = Time spent auto-exploring this place.
 F = Levels seen in this place.
 G = Mean time per level.
                   A        B        C        D        E       F      G
               +--------+--------+--------+--------+--------+-----+--------+
         Total |   2968 |   2877 |     91 |      0 |   2240 |   4 |  742.0 |
       Dungeon |   2968 |   2877 |     91 |      0 |   2240 |   4 |  742.0 |
               +--------+--------+--------+--------+--------+-----+--------+

Top non-repeatable levels by time:
     D:3: 1180 daAuts
     D:1: 992 daAuts
     D:2: 720 daAuts
     D:4: 74 daAuts

Table legend:
 A = Non-vault XP
 B = Vault XP
 C = Vault XP percentage of total XP
 D = Non-vault monster count
 E = Vault monster count
 F = Vault count percentage of total count
                 A         B        C        D         E       F
            +---------+---------+-------+---------+---------+-------
      Total |     309 |     280 |  47.5 |      80 |      16 |  16.7
            +---------+---------+-------+---------+---------+-------
        D:1 |      44 |       0 |   0.0 |      25 |       0 |   0.0
        D:2 |     118 |     242 |  67.2 |      22 |       3 |  12.0
        D:3 |      77 |      38 |  33.0 |      25 |      13 |  34.2
        D:4 |      70 |       0 |   0.0 |       8 |       0 |   0.0
            +---------+---------+-------+---------+---------+-------
